 Dungeon Crawl Stone Soup version 0.31.0-12-g77e489cdc1 (webtiles) character file.

Game seed: 12783341309176995996

1957 spaghetti the Fighter (level 9, -2/103 HPs)
             Began as a Naga Chaos Knight on Feb 27, 2024.
             Was a Plaything of Xom.
             Shot with an arrow by a centaur (3 damage)
             ... on level 6 of the Dungeon.
             The game lasted 00:06:56 (5024 turns).

spaghetti the Fighter (Naga Chaos Knight)           Turns: 5024, Time: 00:06:57

Health: -2/103     AC:  9    Str: 18    XL:     9   Next: 19%
Magic:  0/8        EV:  9    Int: 12    God:    Xom [..*...]
Gold:   329        SH:  0    Dex: 12    Spells: 8/8 levels left

rFire   . . .        r - +0 short sword (speed)
rCold   . . .        (no shield)
rNeg    . . .        a - +2 leather armour
rPois   +            (helmet restricted)
rElec   .            (no cloak)
rCorr   +            o - +0 pair of gloves
SInv    +            (no barding)
Will    ++...        n - amulet "Keral" {Spirit Will+}
Stlth   +            s - ring of resist corrosion
HPRegen 0.37/turn    (no ring)
MPRegen 0.11/turn

%: guardian spirit
@: on fire, short of breath, glowing, very slow
A: AC +3, large, see invisible, deformed body, poison resistance, slowness 2,
spit poison 1, naga tail 1, fangs 1, horns 1, iridescent scales 1, low MP 1,
robust 1
a: Spit Poison, Renounce Religion


You were on level 6 of the Dungeon.
You worshipped Xom.
You were a toy of Xom.
You visited 1 branch of the dungeon, and saw 6 of its levels.

You collected 329 gold pieces.

Inventory:

Hand Weapons
 r - a +0 short sword of speed (weapon)
Missiles
 d - 2 throwing nets
Armour
 a - a +2 leather armour (worn)
 o - a +0 pair of gloves (worn)
Magical Staves
 f - a staff of earth
Jewellery
 n - the amulet "Keral" (around neck) {Spirit Will+}
   (You found it on level 2 of the Dungeon)

   [amulet of guardian spirit]

   Spirit:    It causes incoming damage to be divided between your reserves of
   health and magic.
   Will+:     It increases your willpower.
 s - a ring of resist corrosion (left hand)
Wands
 i - a wand of roots (3)
 p - a wand of digging (7)
Scrolls
 c - a scroll of vulnerability
 e - a scroll of revelation
 j - a scroll of fog
 l - a scroll of identify
 q - a scroll of poison
 t - a scroll of silence
Potions
 g - a potion of enlightenment
 k - 3 potions of attraction


   Skills:
 + Level 10.9 Fighting
 - Level 1.5 Armour
 - Level 0.7 Dodging
 - Level 6.0 Unarmed Combat


You had 8 spell levels left.
You didn't know any spells.
Your spell library contained the following spells:

 Spells                   Type           Power      Damage    Failure   Level
 Necrotise                Necr           0%         1d4       36%         1
 Sandblast                Erth           0%         2d4       36%         1
 Dazzling Flash           Conj/Hex       0%         N/A       75%         3
 Passwall                 Erth           0%         N/A       75%         3
 Stone Arrow              Conj/Erth      0%         3d7       75%         3
 Vampiric Draining        Necr           0%         2d6       75%         3
 Volatile Blastmotes      Fire/Tloc      0%         2d10      75%         3
 Brom's Barrelling Bould  Conj/Erth      0%         2d3       98%         4
 Martyr's Knell           Necr/Summ      0%         N/A       98%         4
 Curse of Agony           Necr           0%         N/A       100%        5
 Starburst                Conj/Fire      0%         6d3       100%        6
 Maxwell's Capacitive Co  Air            0%         ∞         100%        8


Dungeon Overview and Level Annotations

Branches:
Dungeon (6/15)             Temple (0/1) D:6

Altars:
Ashenzari
Dithmenos
Fedhas
Gozag
Makhleb
Nemelex Xobeh
Qazlal
Vehumet
Wu Jian
Xom
Yredelemnul
Zin
The Shining One

Portals:
Abyss: D:4

Annotations:
D:4 2 transporters, spaghetti's ghost, amateur FoSu


Innate Abilities, Weirdness & Mutations

Your serpentine skin is tough. (AC +3)
You have supernaturally acute eyesight. (SInv)
Armour fits poorly on your strangely shaped body.
Your system is resistant to poisons. (rPois)
You cover ground very slowly.
You can spit poison.
You have a snake-like lower body.
You have very sharp teeth.
You have a pair of small horns on your head.
You are partially covered in iridescent scales. (AC +2)
Your magical capacity is low. (-10% MP)
You are robust. (+10% HP)


Message History

The roots erupt in riotous growth!
Roots grab the bombardier beetle.
The grasping roots constrict the bombardier beetle.
The grasping roots constrict the centaur!
The roots release their grip on the centaur.
The centaur shoots an arrow.
The arrow barely misses you.
The centaur shoots an arrow.
The arrow closely misses you.
Unknown command.
Unknown command.
Unknown command.
Unknown command.
Aiming: Fastroot
Press: ? - help, Shift-Dir - straight line, f - centaur, p - bombardier beetle
Aim: a centaur, wielding a +0 orcbow (heavily wounded)
The roots erupt in riotous growth!
Roots grab the centaur.
The grasping roots constrict the bombardier beetle.
The grasping roots constrict the centaur.
The centaur shoots an arrow.
The arrow hits you but does no damage.
Unknown command.
Unknown command.
Unknown command.
Unknown command.
Aiming: Spit Poison (1% risk of failure)
Press: ? - help, Shift-Dir - straight line, f/p - centaur
Aim: a centaur, wielding a +0 orcbow (severely wounded, constricted by roots, 100% to hit)
The splash of poison hits the centaur but does no damage.
The centaur is severely wounded.
The grasping roots constrict the bombardier beetle.
The grasping roots constrict the centaur.
The roots release their grip on the bombardier beetle.
The roots release their grip on the centaur.
The centaur shoots an arrow.
The arrow hits you!
* * * LOW HITPOINT WARNING * * *
The bombardier beetle sprays incendiary fluid at you.
The burning spray hits you.
You are covered in liquid fire!
The centaur shoots an arrow.
The arrow hits you.
You die... "It's all fun and games until someone loses an eye."

....#...# #.........##..........
....#...# #§#§#§#§#.##....[.....
........# #§§§§§§§..##..........
....#########§§§§§##.##..........
##.#<....§§§§§§§§§§..##..........
##.#.)...§§§§§B§§§#####..........
.........§§§§§§§§§§§ ...........>
##.#.########§§§§§# #.#..........
...#.# #@# ..#.......... ####.#
#§# ############# # #.# #######c#
#... #..... ## #.# #.....§.##.8..
#.#### .###.#####)######§b.... #.
#....##...b)bb##K§..... ###.####
#######b....bb#..§..... #.......
# ...b..b.bb#..§#.8.. ##.....)# +
#.########b)c..##...##...#.#.#


You could see a centaur and a bombardier beetle.

Vanquished Creatures
  Sigmund (D:4)
  An orc warrior (D:6)
  A sky beast (D:6)
  A black bear (D:4)
  2 ice beasts (D:6)
  A phantom (D:5)
  2 kobold brigands (D:6)
  2 scorpions (D:5)
  7 wights (D:6)
  A bombardier beetle (D:4)
  A hound (D:4)
  2 jellies
  3 orc priests
  Jessica (D:2)
  Natasha (D:2)
  2 iguanas
  7 orc wizards
  5 adders
  A shadow imp (D:5)
  4 ufetubi (D:6)
  2 dart slugs
  3 ribbon worms
  9 orcs
  4 bats
  8 endoplasms
  2 giant cockroaches
  7 goblins
  4 hobgoblins
  2 jackals (D:2)
  A quokka (D:1)
  9 ball pythons
  2 frilled lizards
  7 kobolds
  8 rats
114 creatures vanquished.

Vanquished Creatures (collateral kills)
  A black bear (D:5)
  A hound (D:5)
2 creatures vanquished.

Vanquished Creatures (others)
  An adder (D:6)
1 creature vanquished.

Grand Total: 117 creatures vanquished

Notes
Turn   | Place    | Note
-------+----------+-------------------------------------------
     0 | D:1      | spaghetti the Naga Chaos Knight began the quest for the
                  | Orb.
     0 | D:1      | Reached XP level 1. HP: 21/21 MP: 1/1
   301 | D:1      | XOM: divination: detect items
   303 | D:1      | Reached XP level 2. HP: 28/28 MP: 2/2
   412 | D:1      | XOM: silly message
   590 | D:1      | Reached XP level 3. HP: 34/34 MP: 3/3
   601 | D:1      | XOM: silly message
   670 | D:1      | XOM is BORED!
   670 | D:1      | XOM: noise
   890 | D:2      | XOM: divination: detect creatures
  1003 | D:2      | Reached XP level 4. HP: 15/42 MP: 4/4
  1007 | D:2      | Identified the amulet "Keral" {Spirit Will+}
  1132 | D:2      | Noticed Natasha
  1139 | D:2      | Killed Natasha
  1140 | D:2      | Reached skill level 5 in Unarmed Combat
  1153 | D:2      | XOM: silly message
  1187 | D:2      | XOM: cloud trail
  1192 | D:2      | Noticed Jessica
  1193 | D:2      | XOM: enchant monster (bad)
  1198 | D:2      | Killed Jessica
  1202 | D:2      | Reached XP level 5. HP: 49/49 MP: 5/5
  1396 | D:3      | Found a shimmering altar of Xom.
  1735 | D:3      | XOM: scenery: 1 doors open, 1 doors close
  1775 | D:3      | XOM: 9-stop teleportation journey
  1890 | D:3      | XOM: noise
  1952 | D:3      | XOM is BORED!
  1952 | D:3      | XOM: polymorph hobgoblin -> frilled lizard
  2189 | D:4      | XOM: noise
  2264 | D:4      | XOM: summons 1 hostile demon
  2363 | D:4      | Reached skill level 4 in Fighting
  2363 | D:4      | Reached XP level 6. HP: 52/57 MP: 6/6
  2387 | D:4      | Noticed a black bear
  2409 | D:4      | Killed a black bear
  2530 | D:4      | Found a stormy altar of Qazlal.
  2600 | D:4      | Reached skill level 5 in Fighting
  2601 | D:4      | XOM: silly message
  2737 | D:4      | Noticed Sigmund
  2749 | D:4      | XOM: potion effect (berserk rage)
  2754 | D:4      | Killed Sigmund
  2755 | D:4      | Reached skill level 6 in Fighting
  2755 | D:4      | Reached XP level 7. HP: 70/70 MP: 7/7
  2772 | D:4      | Found a transporter.
  2776 | D:4      | Found a transporter.
  2805 | D:4      | XOM: give mutations
  2805 | D:4      | Gained mutation: You are robust. (+10% HP) [Xom's mischief]
  2805 | D:4      | Gained mutation: Your magical capacity is low. (-10% MP)
                  | [Xom's mischief]
  2805 | D:4      | Gained mutation: You have a beak for a mouth. [Xom's
                  | mischief]
  2805 | D:4      | Lost mutation: You have a beak for a mouth. [Xom's
                  | mischief]
  2805 | D:4      | Gained mutation: You have very sharp teeth. [Xom's
                  | mischief]
  2854 | D:4      | Found a one-way gate to the infinite horrors of the Abyss.
  2854 | D:4      | Noticed spaghetti's ghost (amateur FoSu)
  2990 | D:5      | Entered Level 5 of the Dungeon
  3018 | D:5      | XOM: noise
  3020 | D:5      | XOM: potion effect (magic)
  3211 | D:5      | Found a basalt altar of Yredelemnul.
  3443 | D:5      | XOM: silly message
  3472 | D:5      | XOM: silly message
  3479 | D:5      | XOM: noise
  3488 | D:5      | Reached skill level 7 in Fighting
  3493 | D:5      | Reached XP level 8. HP: 32/89 MP: 3/7
  3644 | D:5      | XOM: god gift: staff of earth
  3674 | D:5      | Found a glowing golden altar of the Shining One.
  3674 | D:5      | XOM: cloud trail
  3754 | D:5      | XOM: scenery: 1 doors open, 1 doors close
  3940 | D:5      | XOM: god gift: 43 gold pieces
  3949 | D:5      | Reached skill level 8 in Fighting
  4081 | D:5      | Found a radiant altar of Vehumet.
  4082 | D:5      | Found a blossoming altar of Fedhas.
  4082 | D:5      | Found a glowing silver altar of Zin.
  4082 | D:5      | Found a sparkling altar of Nemelex Xobeh.
  4082 | D:5      | Found a burning altar of Makhleb.
  4082 | D:5      | Found an ornate altar of the Wu Jian Council.
  4084 | D:5      | Found a broken altar of Ashenzari.
  4086 | D:5      | Found a shadowy altar of Dithmenos.
  4088 | D:5      | Found an opulent altar of Gozag.
  4106 | D:5      | XOM: give mutations
  4106 | D:5      | Gained mutation: You are partially covered in iridescent
                  | scales. (AC +2) [Xom's grace]
  4106 | D:5      | Gained mutation: You have a pair of small horns on your
                  | head. [Xom's grace]
  4255 | D:6      | XOM: destruction
  4395 | D:6      | Found a staircase to the Ecumenical Temple.
  4395 | D:6      | XOM: 5-stop teleportation journey
  4427 | D:6      | XOM: confuse monster(s)
  4453 | D:6      | Reached skill level 9 in Fighting
  4525 | D:6      | XOM: draining
  4656 | D:6      | XOM: 5-stop teleportation journey
  4732 | D:6      | XOM: noise
  4946 | D:6      | XOM: confuse monster(s)
  4950 | D:6      | Reached skill level 10 in Fighting
  4962 | D:6      | Reached XP level 9. HP: 85/102 MP: 0/8
  4965 | D:6      | XOM: chaos upgrade
  4990 | D:6      | XOM: confuse monster(s)
  4994 | D:6      | XOM: silly message
  5024 | D:6      | HP: 1/103 [centaur/arrow (8)]
  5024 | D:6      | Shot with an arrow by a centaur

Illustrated notes

Levels and vault maps discovered:
D:1:      dpeg_arrival_simpleton_b, layout_loops_cross, minmay_split_cup_large
D:2:      layout_rooms, minmay_close_crescents, uniq_jessica, uniq_natasha
D:3:      layout_basic, nicolae_overflow_crystal_walls
D:4:      layout_rooms, kennysheep_mini, gammafunk_ghost_abyssal_escape,
          moated_statue, uniq_sigmund
D:5:      layout_gridville, mainiacjoe_overflow_cross_hatched, minitemple,
          mainiacjoe_overflow_24_doors
D:6:      layout_basic, trog_antimagical, minmay_temple_entry_nine_rooms,
          serial_glass, glass_columns_c, glass_columns_a,
          roderic_serpentine_path, kennysheep_cluttered_room

Skill      XL: |  1  2  3  4  5  6  7  8 |
---------------+-------------------------+-----
Unarmed Combat | 4 5 6 |  6.0
Fighting       | 4 6 7 10 | 10.9
Armour         | |  1.5
Dodging        | |  0.7

Action                     |  1- 3 |  4- 6 |  7- 9 || total
---------------------------+-------+-------+-------++-------
  Melee: Unarmed           |    75 |    36 |       ||   111
         Punch             |     1 |     6 |    13 ||    20
         Short sword       |       |   116 |   307 ||   423
         Bite              |       |       |    30 ||    30
         Headbutt          |       |       |    52 ||    52
Ability: Spit Poison       |    20 |    28 |    17 ||    65
  Evoke: Wand              |       |       |     5 ||     5
    Use: Scroll            |       |     5 |     6 ||    11
         Potion            |       |     2 |     6 ||     8
   Stab: Confused          |       |       |     1 ||     1
 Armour: Leather armour    |    70 |    91 |   219 ||   380
         Skin              |       |       |    42 ||    42
  Dodge: Dodged            |    39 |    56 |   141 ||   236
